 Dungeon Crawl Stone Soup version 0.26-a0-665-gefeb406119 (webtiles) character file.

Game seed: 2049846085094270662

165049 jasper the Severer (level 17, -9/247 HPs)
             Began as a Minotaur Berserker on Oct 16, 2020.
             Was the Champion of Trog.
             Mangled by a spark wasp (17 damage)
             ... on level 3 of the Spider Nest.
             The game lasted 00:39:51 (28695 turns).

jasper the Severer (Minotaur Berserker)            Turns: 28695, Time: 00:39:52

Health: -9/247     AC: 21    Str: 24    XL:     17   Next: 27%
Magic:  16/16      EV: 14    Int:  5    God:    Trog [******]
Gold:   2985       SH:  0    Dex: 16    Spells: 16/16 levels left

rFire    + . .     SeeInvis +   Q - +9 battleaxe of Idowoof {vorpal, rPois Str+2 Stlth+}
rCold    + . .     Faith    .   (shield currently unavailable)
rNeg     . . .     Spirit   .   g - +2 plate armour {rPois}
rPois    +         Reflect  .   D - +2 hat {SInv}
rElec    .         Harm     .   X - scarf {rC+ rF+}
rCorr    .         Rampage  +   A - +0 pair of gloves
MR       +....                  C - +0 pair of boots {rampage}
Stlth    ..........             E - amulet of regeneration
HPRegen  0.91/turn              k - +4 ring of protection (curse)
MPRegen  0.15/turn              (no ring)

@: berserking, lethally poisoned (-9 -> -13), corroded, very quick
A: retaliatory headbutt, horns 2, blurry vision 2
a: Berserk, Trog's Hand, Brothers in Arms, Renounce Religion


You were on level 3 of the Spider Nest.
You worshipped Trog.
Trog was exalted by your worship.
You visited 4 branches of the dungeon, and saw 26 of its levels.
You visited the Abyss 1 time.
You also visited: Ice Cave.

You collected 3585 gold pieces.
You spent 600 gold pieces at shops.

Inventory:

Hand Weapons
 b - a +9 antimagic executioner's axe
 Q - the +9 battleaxe of Idowoof (weapon) {vorpal, rPois Str+2 Stlth+}
   (Trog gifted it to you on level 2 of the Spider Nest)

   It inflicts extra damage upon your enemies.
   It affects your strength (+2).
   It protects you from poison.
   It makes you more stealthy.
Missiles
 c - 699 stones (quivered)
 f - a throwing net
 P - 3 silver javelins
Armour
 g - a +2 plate armour of poison resistance (worn)
 A - a +0 pair of gloves (worn)
 C - a +0 pair of boots of rampaging (worn)
 D - a +2 hat of see invisible (worn)
 X - a scarf of resistance (worn)
Jewellery
 k - a cursed +4 ring of protection (left hand)
 t - the amulet of Ujuux {Spirit +Fly rF+++ MR- Dex+4}
   (You acquired it on level 13 of the Dungeon)

   [amulet of guardian spirit]

   It causes incoming damage to be split between your health and magic.
   It affects your dexterity (+4).
   It renders you almost immune to fire.
   It affects your resistance to hostile enchantments.
   It lets you fly.
 z - an uncursed ring of positive energy
 E - an amulet of regeneration (around neck)
 F - an uncursed ring of ice
 O - a +4 ring of slaying
 R - an uncursed ring of see invisible
Wands
 n - a wand of flame (110)
 q - a wand of polymorph (29)
 u - a wand of paralysis (29)
 v - a wand of disintegration (7)
 H - a wand of acid (7)
 N - a wand of iceblast (31)
 V - a wand of digging (8)
Scrolls
 a - 8 scrolls of magic mapping
 e - 8 scrolls of enchant armour
 h - 9 scrolls of teleportation
 i - 7 scrolls of fog
 l - a scroll of holy word
 m - 11 scrolls of remove curse
 w - 7 scrolls of fear
 y - 2 scrolls of summoning
 Z - 2 scrolls of blinking
Potions
 d - 9 potions of curing
 j - 3 potions of resistance
 o - 7 potions of flight
 p - 4 potions of heal wounds
 x - a potion of cancellation
 B - 3 potions of might
 G - 4 potions of berserk rage {unknown}
 J - a potion of lignification {unknown}
 L - 5 potions of ambrosia {unknown}
 M - 4 potions of haste {unknown}
 U - 2 potions of invisibility {unknown}
 W - 3 potions of mutation {unknown}
 Y - 2 potions of stabbing {unknown}
Miscellaneous
 r - a lightning rod (4/4)
 K - a condenser vane (inert)
 S - a phantom mirror
 T - a tin of tremorstones (inert)


   Skills:
 + Level 18.2 Fighting
 - Level 20.0 Axes
 + Level 18.1 Armour
 + Level 11.0 Dodging
 + Level 9.2 Evocations


You had 16 spell levels left.
You didn't know any spells.
Your spell library was empty.

Dungeon Overview and Level Annotations

Branches:
Dungeon (15/15)            Temple (0/1) D:4            Lair (6/6) D:11
 Shoals (0/4) Lair:2       Spider (3/4) Lair:3        Slime (0/5) Lair:5
    Orc (2/2) D:11            Elf (0/3) Orc:2        Vaults (0/5) D:13
 Depths (0/5) D:15          IceCv (visited)

Altars:
Cheibriados
Dithmenos
Elyvilon
Fedhas
Kikubaaqudgha
Nemelex Xobeh
Okawaru
Qazlal
Sif Muna
Zin
The Shining One
Beogh
Jiyva

Shops:
D:8 }   D:9 }   Orc:2 *[=(

Annotations:
D:5 1 transporter
D:11 1 runed translucent door, HilariousDeathArtist's ghost, journeyman HaAK
D:14 2 transporters, Cohub's ghost, adept GrEE
Lair:3 1 runed translucent door
Lair:5 4 runed translucent doors, bande's ghost, journeyman GrFi
Lair:6 2 transporters, Pooter's ghost, journeyman MfIE


Innate Abilities, Weirdness & Mutations

You reflexively headbutt those who attack you in melee.
You have a pair of horns on your head.
Scrolls take you longer to read.


Message History

You feel the power of Trog in you as your rage grows.
You kill the wolf spider!
Trog accepts your kill.
You slash the jumping spider! The spark wasp stings you!!
* * * LOW HITPOINT WARNING * * *
The spark wasp shocks you!
* * * LOW HITPOINT WARNING * * *
You take 38 damage, and have 29/247 hp.
Unknown command.
You closely miss the spark wasp. Your headbutt misses the spark wasp.
The spark wasp is lightly wounded.
You barely miss the jumping spider.
You feel sick. The jumping spider barely misses you. You furiously retaliate!
You headbutt the jumping spider, but do no damage.
The jumping spider bites you but does no damage.
A redback comes into view.
The spark wasp stings you!!
* * * LOW HITPOINT WARNING * * *
The spark wasp shocks you!
You die...

..(^.##...##{{#
........†..^#{#
.....†.†††..{{#
## ###...#†###{##
.....{.#..†...{##
s.^###{.....{{#
#{#..######{##
#..†##.#.#..{#
#..y@s...†...#
#...†.....#.(#
#.......^..#{{##
#.s#..######.##
## ##. .. ## ...^
...# ...#


You could see a spark wasp, a jumping spider and 2 redbacks.

Vanquished Creatures
  Saint Roka (Orc:2)
  Rupert (D:15)
  A tentacled starspawn (Abyss:2)
  A frost giant (IceCv)
  An orc warlord (Orc:2)
  3 entropy weavers
  2 spark wasps (Spider:3)
  2 ettins
  2 ogre magi
  3 boulder beetles
  4 catoblepae
  10 hydras
  4 centaur warriors
  Erica (D:9)
  A death knight (D:11)
  7 two-headed ogres
  A deep troll earth mage (D:12)
  4 death yaks
  A thrashing horror (Abyss:2)
  4 orc high priests
  Sonja (Orc:2)
  A deep elf knight (D:13)
  6 skeletal warriors
  5 unseen horrors
  A wizard (D:15)
  5 orc knights
  3 wolf spider zombies
  8 deep elf magi
  9 orb spiders
  2 phantasmal warriors (D:11)
  9 ugly things
  3 orc sorcerers
  16 wolf spiders
  A moth of wrath (Spider:1)
  6 cyclopes
  4 manticores
  18 elephants
  An ice statue (IceCv)
  3 black mambas
  2 gargoyles
  A centaur zombie (D:14)
  A naga mage (D:15)
  3 torpor snails
  13 cane toads
  Psyche (D:9)
  2 freezing wraiths
  4 kobold demonologists
  16 rime drakes
  2 yaktaurs (D:13)
  5 komodo dragons
  An ancient zyme (Abyss:2)
  8 demonic crawlers
  13 polar bears
  19 jumping spiders
  2 trolls
  3 meliai (Lair:5)
  16 blink frogs
  A wind drake (Lair:2)
  2 hornets
  A queen bee (Lair:5)
  A blink frog (shapeshifter) (D:15)
  5 slime creatures (D:13)
  2 dream sheep (Lair:6)
  3 starcursed masses (Abyss:2)
  A centaur simulacrum (D:15)
  54 redbacks
  20 tarantellas
  7 wyverns
  8 basilisks
  88 yaks
  2 vampires
  A wraith (D:10)
  13 steam dragons
  4 wargs (Orc:2)
  4 vampire mosquitoes (Spider:1)
  3 acid dragons
  10 water moccasins
  11 ice beasts
  7 black bears
  A hornet zombie (D:15)
  5 phantoms
  2 sky beasts (D:12)
  2 eyes of draining
  36 orc warriors
  A swamp drake (Lair:6)
  17 ogres
  18 wolves
  4 boggarts (Lair:4)
  19 centaurs
  4 big kobolds
  17 bullfrogs
  3 wyvern skeletons
  A wyvern zombie (D:13)
  7 scorpions
  34 killer bees
  An electric eel (D:13)
  12 wights
  5 howler monkeys
  2 bullfrog zombies
  A quasit (D:8)
  6 hounds
  7 jellies
  26 orc wizards
  7 centaur skeletons
  22 orc priests
  Ijyb (D:4)
  6 bullfrog skeletons
  4 iguanas
  A hell rat (Lair:5)
  13 worker ants
  A small abomination (Abyss:2)
  A killer bee zombie (D:9)
  A hound skeleton (D:4)
  3 gnolls (D:9)
  18 adders
  2 white imps
  2 ufetubi
  An adder skeleton (D:7)
  2 worms
  A dart slug (D:1)
  9 leopard geckos
  74 orcs
  2 bat skeletons (D:9)
  5 bat zombies (D:9)
  5 giant cockroaches
  7 goblins
  4 hobgoblins
  8 jackals
  19 kobolds
  3 ball pythons
  A ball python skeleton (D:4)
  8 bats
  6 frilled lizards
  5 rats
  A starspawn tentacle (Abyss:2)
990 creatures vanquished.

Vanquished Creatures (collateral kills)
  A catoblepas (Lair:6)
  2 death yaks (Lair:6)
  A flayed ghost (D:12)
  2 manticores (Lair:6)
  6 yaks (Lair:6)
  A basilisk (Lair:6)
13 creatures vanquished.

Vanquished Creatures (others)
  An orc sorcerer (D:15)
  2 yaks (IceCv)
  A tarantella (Spider:2)
  A wolf (IceCv)
  A killer bee (Lair:5)
  47 fungi
  47 plants
  A starspawn tentacle (Abyss:2)
101 creatures vanquished.

Grand Total: 1104 creatures vanquished

Notes
Turn   | Place    | Note
-------+----------+-------------------------------------------
     0 | D:1      | jasper the Minotaur Berserker began the quest for the Orb.
     0 | D:1      | Reached XP level 1. HP: 19/19 MP: 0/0
    93 | D:1      | Reached skill level 4 in Axes
   116 | D:1      | Reached XP level 2. HP: 21/27 MP: 1/1
  1171 | D:2      | Reached XP level 3. HP: 33/33 MP: 2/2
  1264 | D:2      | You fall into a shaft and drop 1 floor!
  1268 | D:3      | Reached ** piety under Trog
  1585 | D:3      | Found a glowing silver altar of Zin.
  1585 | D:3      | Found a glowing golden altar of the Shining One.
  1586 | D:3      | Found a white marble altar of Elyvilon.
  1605 | D:3      | Reached skill level 5 in Axes
  1605 | D:3      | Reached XP level 4. HP: 41/41 MP: 3/3
  1741 | D:3      | Found a shimmering blue altar of Sif Muna.
  2395 | D:2      | Found a sparkling altar of Nemelex Xobeh.
  2439 | D:2      | Reached XP level 5. HP: 47/47 MP: 4/4
  3066 | D:4      | Noticed Ijyb
  3076 | D:4      | Killed Ijyb
  3076 | D:4      | Reached skill level 6 in Axes
  3173 | D:4      | Noticed an ogre
  3176 | D:4      | Killed an ogre
  3176 | D:4      | Reached skill level 5 in Fighting
  3176 | D:4      | Reached XP level 6. HP: 56/56 MP: 5/5
  3189 | D:4      | Found a staircase to the Ecumenical Temple.
  3307 | D:4      | Found a snail-covered altar of Cheibriados.
  3534 | D:4      | Reached skill level 7 in Axes
  3724 | D:5      | Entered Level 5 of the Dungeon
  3729 | D:5      | Reached skill level 5 in Armour
  3729 | D:5      | Reached XP level 7. HP: 62/62 MP: 6/6
  4028 | D:5      | Found a transporter.
  4068 | D:5      | Found a transporter.
  4430 | D:6      | Reached skill level 8 in Axes
  4908 | D:6      | Reached XP level 8. HP: 51/71 MP: 7/7
  5338 | D:6      | Reached skill level 9 in Axes
  5504 | D:7      | Reached *** piety under Trog
  5728 | D:7      | Reached skill level 10 in Axes
  5843 | D:7      | Found a shadowy altar of Dithmenos.
  6106 | D:7      | Reached XP level 9. HP: 73/81 MP: 8/8
  6407 | D:8      | Reached skill level 11 in Axes
  6847 | D:8      | Reached **** piety under Trog
  6851 | D:8      | Found a stormy altar of Qazlal.
  6892 | D:8      | Found a blossoming altar of Fedhas.
  7227 | D:8      | Found Luvuov Diotz's Gadget Shoppe.
  7236 | D:8      | Bought a condenser vane (2/2) for 240 gold pieces
  7291 | D:9      | Found an ancient bone altar of Kikubaaqudgha.
  7380 | D:9      | Noticed Erica
  7390 | D:9      | Killed Erica
  7390 | D:9      | Reached skill level 12 in Axes
  7395 | D:9      | Reached XP level 10. HP: 91/91 MP: 9/9
  7574 | D:9      | Noticed Psyche
  7579 | D:9      | Paralysed by Psyche for 4 turns
  7586 | D:9      | Cast into level 2 of the Abyss (Psyche)
  7604 | Abyss:2  | Noticed a starcursed mass
  7614 | Abyss:2  | Noticed a thrashing horror
  7637 | Abyss:2  | Killed a thrashing horror
  7692 | Abyss:2  | Noticed a starcursed mass
  7707 | Abyss:2  | Killed a starcursed mass
  7708 | Abyss:2  | Killed a starcursed mass
  7708 | Abyss:2  | Reached skill level 13 in Axes
  7709 | Abyss:2  | Killed a starcursed mass
  7709 | Abyss:2  | Reached skill level 10 in Fighting
  7766 | Abyss:2  | Noticed a tentacled starspawn
  7778 | Abyss:2  | Killed a tentacled starspawn
  7778 | Abyss:2  | Reached skill level 14 in Axes
  7778 | Abyss:2  | Reached skill level 10 in Armour
  7780 | D:9      | Escaped the Abyss
  8138 | D:9      | Noticed a two-headed ogre
  8148 | D:9      | Killed a two-headed ogre
  8148 | D:9      | Reached XP level 11. HP: 101/101 MP: 10/10
  8536 | D:9      | Killed Psyche
  8802 | D:9      | Found Ighuf's Gadget Shop.
  8949 | D:10     | Entered Level 10 of the Dungeon
  9155 | D:10     | Noticed a two-headed ogre
  9163 | D:10     | Killed a two-headed ogre
  9754 | D:11     | Noticed a skeletal warrior
  9754 | D:11     | Noticed a skeletal warrior
  9788 | D:11     | Killed a skeletal warrior
  9788 | D:11     | Reached skill level 15 in Axes
  9791 | D:11     | Killed a skeletal warrior
  9863 | D:11     | Noticed a skeletal warrior
  9863 | D:11     | Noticed a skeletal warrior
  9864 | D:11     | Noticed a skeletal warrior
  9873 | D:11     | Killed a skeletal warrior
  9880 | D:11     | Killed a skeletal warrior
 10106 | D:11     | Killed a skeletal warrior
 10151 | D:11     | Noticed a boulder beetle
 10179 | D:11     | Killed a boulder beetle
 10262 | D:11     | Noticed a phantasmal warrior
 10274 | D:11     | Noticed a phantasmal warrior
 10282 | D:11     | Killed a phantasmal warrior
 10282 | D:11     | Noticed a death knight
 10289 | D:11     | Killed a phantasmal warrior
 10292 | D:11     | Reached XP level 12. HP: 104/112 MP: 11/11
 10298 | D:11     | Killed a death knight
 10298 | D:11     | Reached ***** piety under Trog
 10298 | D:11     | Reached skill level 16 in Axes
 10473 | D:11     | Found a staircase to the Orcish Mines.
 10514 | D:11     | Found a staircase to the Lair.
 10654 | D:11     | Noticed HilariousDeathArtist's ghost (journeyman HaAK)
 10657 | D:11     | Found a runed translucent door.
 11316 | Lair:1   | Entered Level 1 of the Lair of Beasts
 11319 | Lair:1   | Found an iron altar of Okawaru.
 12069 | Lair:1   | Noticed a five-headed hydra
 12079 | Lair:1   | Killed an eight-headed hydra
 12339 | Lair:2   | Found a staircase to the Shoals.
 13033 | Lair:2   | Reached skill level 17 in Axes
 13108 | Lair:2   | Received a gift from Trog
 13781 | Lair:3   | Found a frozen archway.
 13828 | IceCv    | Entered an ice cave
 13834 | IceCv    | Reached XP level 13. HP: 117/122 MP: 12/12
 14232 | IceCv    | Reached skill level 18 in Axes
 14467 | IceCv    | Received a gift from Trog
 14574 | IceCv    | Noticed a frost giant
 14603 | IceCv    | Killed a frost giant
 15348 | Lair:3   | Found a hole to the Spider Nest.
 15690 | Lair:3   | Found a runed translucent door.
 15764 | Lair:3   | Found a snail-covered altar of Cheibriados.
 16002 | Spider:1 | Entered Level 1 of the Spider Nest
 16067 | Lair:4   | Reached skill level 19 in Axes
 16172 | Lair:4   | Got a twisted chain mail
 16183 | Lair:4   | Identified the +1 chain mail "Roseh" {rC- rN+++ rCorr
                  | Int-4} (You found it on level 4 of the Lair of Beasts)
 16183 | Lair:4   | Lost intelligence.
 16985 | Lair:5   | Found a runed translucent gate.
 16985 | Lair:5   | Found a runed translucent gate.
 16985 | Lair:5   | Noticed bande's ghost (journeyman GrFi)
 17041 | Lair:5   | Reached XP level 14. HP: 132/133 MP: 13/13
 17279 | Lair:5   | Found a runed translucent door.
 17280 | Lair:5   | Found a viscous altar of Jiyva.
 17282 | Lair:5   | Found a staircase to the Slime Pits.
 17311 | Lair:5   | Found a runed translucent gate.
 17348 | Lair:5   | Received a gift from Trog
 17500 | Lair:5   | Reached ****** piety under Trog
 17974 | Lair:5   | Reached skill level 15 in Fighting
 18225 | Lair:6   | Entered Level 6 of the Lair of Beasts
 18312 | Lair:6   | Reached skill level 20 in Axes
 18388 | Lair:6   | Reached skill level 15 in Armour
 18397 | Lair:6   | Received a gift from Trog
 18397 | Lair:6   | Reached skill level 1 in Evocations
 18732 | Lair:6   | Found a transporter.
 18742 | Lair:6   | Noticed Pooter's ghost (journeyman MfIE)
 19241 | Lair:6   | Found a transporter.
 19658 | Lair:6   | Reached skill level 5 in Dodging
 20023 | Lair:6   | Got a buzzing hand crossbow
 20024 | Lair:6   | Identified the +3 hand crossbow of the Ageless Olives
                  | {penet, *Contam rC+ rN+ Int+4} (You found it on level 6 of
                  | the Lair of Beasts)
 20282 | Orc:1    | Entered Level 1 of the Orcish Mines
 20290 | Orc:1    | Reached XP level 15. HP: 143/143 MP: 14/14
 20317 | Orc:1    | Received a gift from Trog
 20321 | Orc:1    | Gained mutation: Scrolls take you a little longer to read.
                  | [mutagenic glow]
 20327 | Orc:1    | Found a roughly hewn altar of Beogh.
 20473 | Orc:2    | Entered Level 2 of the Orcish Mines
 20474 | Orc:2    | Found Ogucreacul's Antique Armour Boutique.
 20475 | Orc:2    | Noticed an orc warlord
 20495 | Orc:2    | Killed an orc warlord
 20763 | Orc:2    | Found Tiluduz's Jewellery Shop.
 20851 | Orc:2    | Bought an uncursed amulet of regeneration for 360 gold
                  | pieces
 20940 | Orc:2    | Received a gift from Trog
 21019 | Orc:2    | Found Atwakk's Antique Weapon Emporium.
 21071 | Orc:2    | Found a staircase to the Elven Halls.
 21243 | Orc:2    | Found Cogan's General Store.
 21255 | Orc:2    | Noticed Sonja
 21257 | Orc:2    | Noticed Saint Roka
 21267 | Orc:2    | Killed Sonja
 21279 | Orc:2    | Killed Saint Roka
 21279 | Orc:2    | Reached skill level 5 in Evocations
 21282 | Orc:2    | Found a roughly hewn altar of Beogh.
 22046 | D:12     | Received a gift from Trog
 22810 | D:12     | Identified a scroll of acquirement
 22810 | D:12     | Acquired 591 gold pieces
 23106 | D:13     | Reached XP level 16. HP: 36/154 MP: 15/15
 23606 | D:13     | Found a gate to the Vaults.
 23625 | D:13     | Acquired the amulet of Ujuux {Spirit +Fly rF+++ MR- Dex+4}
 23997 | D:14     | Found a white marble altar of Elyvilon.
 24323 | D:14     | Found a transporter.
 24325 | D:14     | Noticed Cohub's ghost (adept GrEE)
 24326 | D:14     | Identified the +5 great mace of the Spinneret {vorpal, rC+}
 24326 | D:14     | Identified the +4 great mace "Estrer" {holy, rPois rF+}
 24332 | D:14     | Found a transporter.
 24646 | D:15     | Entered Level 15 of the Dungeon
 24744 | D:15     | Received a gift from Trog
 25218 | D:15     | Paralysed by an orc sorcerer for 4 turns
 25288 | D:15     | Found a staircase to the Depths.
 25345 | D:15     | Noticed Rupert
 25357 | D:15     | Killed Rupert
 25437 | D:15     | Got a polished fustibalus
 25438 | D:15     | Identified the +5 fustibalus of the Realm of Zot {flame,
                  | +Inv rF+++ rC- MP+9} (You found it on level 15 of the
                  | Dungeon)
 25455 | D:15     | Gained mutation: Scrolls take you longer to read.
                  | [mutagenic glow]
 25978 | Spider:1 | Received a gift from Trog
 25978 | Spider:1 | Reached skill level 10 in Dodging
 27850 | Spider:2 | Reached XP level 17. HP: 156/163 MP: 16/16
 28215 | Spider:2 | Received a gift from Trog
 28239 | Spider:2 | Identified the +9 battleaxe of Idowoof {vorpal, rPois Str+2
                  | Stlth+} (Trog gifted it to you on level 2 of the Spider
                  | Nest)
 28695 | Spider:3 | HP: 8/247 [spark wasp (21)]
 28695 | Spider:3 | Mangled by a spark wasp

Illustrated notes

Levels and vault maps discovered:
D:1:      lightli_arrival_windingriver, layout_basic,
          chequers_serial_rivers_small_3, minmay_misc_feat_more_columns
D:2:      layout_loops_ring, nemelex_xobeh_ov_fountains_minmay
D:3:      layout_basic, good_gods_mini_temple, led_sif_pool, minmay_distorted
D:4:      layout_basic, kennysheep_mini, minmay_temple_entry_offerings,
          uniq_ijyb
D:5:      gammafunk_wand_slinger, layout_loops_ring
D:6:      layout_cave_pods
D:7:      layout_basic, ebering_dispersal_statue_hall, grunt_dithmenos_shadows
D:8:      kennysheep_spiral_hall, layout_gridville,
          grunt_temple_overflow_forces_of_nature, serial_shops, shop
D:9:      layout_loops_ring, kennysheep_vampire_church, serial_shops,
          nicolae_shop_crystal, kennysheep_generic_room_12, uniq_erica,
          uniq_psyche
D:10:     layout_big_octagon
D:11:     layout_loops_corners, david_lair_generic, orc_0_dummy,
          hellmonk_ghost_happy_afterlife
D:12:     minmay_octo_star, layout_long_grid, hex_large
D:13:     layout_basic, hangedman_vaults_entry_quadrant_bands
D:14:     layout_basic, gammafunk_ghost_smash, elyvilon_altar_3
D:15:     grunt_enter_depths_magical_seal, layout_small_grid,
          serial_co_window_serial, co_window_corner_a, co_window_paths_a,
          co_window_paths_a, co_window_corner_a, co_window_paths_b,
          co_window_broadway_c, co_window_2corner, co_window_corner_b,
          co_window_broadway_b, glass_columns_b, glass_columns_b,
          glass_columns_a, glass_columns_a, glass_columns_a, uniq_rupert
Lair:1:   layout_loops_ring, basic_altar
Lair:2:   layout_chaotic_city, minmay_shoals_entry_beasts,
          small_statue_intersection, bobbens_dragon_lair_wall,
          infiniplex_staircase_pool_2, serial_bayou_shore_b
Lair:3:   gammafunk_mikee_crab_dinner, layout_chaotic_city,
          spider_nest_entry_rubble, portal_ice_cave_entry_ice_beasts,
          basic_altar, lemuel_fruit_fields
Lair:4:   layout_hall_layers, kilobyte_rumbling_trees
Lair:5:   regret_index_bee_streams, layout_hall_layers, slime_altar_2,
          gammafunk_ghost_split, serial_bayou_pond_d, lemuel_fruit_fields
Lair:6:   evilmike_catoblepas_cave, layout_loops_ring, gammafunk_ghost_arena,
          guppyfry_lair_drakes
Spider:1: layout_chambers, einodemon_crawler_minivault
Spider:2: layout_spider_delve
Spider:3: layout_spider_delve
Orc:1:    layout_diamond_mine, basic_altar
Orc:2:    grunt_orc_gardens, layout_caves, grunt_orc_garden, grunt_orc_garden,
          grunt_orc_garden, grunt_orc_garden, minmay_orc_temple_a, uniq_sonja,
          uniq_saint_roka

Skill      XL: |  1  2  3  4  5  6  7  8  9 10 11 12 13 14 15 16 17 |
---------------+----------------------------------------------------+-----
Axes           | 4 5 6 7 8 10 12 14 15 17 19 20 | 20.0
Fighting       | 4 5 6 7 9 10 12 13 14 15 16 17 18 | 18.2
Armour         | 3 4 5 6 7 9 10 11 13 14 15 16 17 18 | 18.1
Evocations     | 3 6 8 9 |  9.2
Dodging        | 5 8 10 11 | 11.0

Action                   |  1- 3 |  4- 6 |  7- 9 | 10-12 | 13-15 | 16-18 || total
-------------------------+-------+-------+-------+-------+-------+-------++-------
Melee: Hand axe          |    65 |    37 |    85 |       |       |       ||   187
       Headbutt          |     9 |     4 |    33 |   106 |   248 |   108 ||   508
       Battleaxe         |       |       |    29 |   425 |  1024 |   491 ||  1969
 Fire: Hand crossbow     |       |    79 |   161 |    32 |     5 |     4 ||   281
Throw: Stone             |    37 |    11 |       |    14 |     8 |     5 ||    75
Invok: Berserk           |     5 |     4 |     7 |    18 |    10 |     6 ||    50
       Trog's Hand       |     1 |     1 |     2 |     6 |     2 |     1 ||    13
       Brothers in Arms  |       |       |       |     1 |     3 |       ||     4
Evoke: Wand              |       |     4 |     2 |     2 |       |     5 ||    13
       Condenser vane    |       |       |       |     3 |       |     4 ||     7
       Tin of tremorston |       |       |       |     3 |       |     5 ||     8
       Phantom mirror    |       |       |       |     1 |       |       ||     1
  Use: Scroll            |       |     3 |     5 |     5 |    12 |     9 ||    34
       Potion            |       |       |       |       |       |     2 ||     2
 Stab: Paralysed         |       |       |     2 |       |       |       ||     2
       Petrified         |       |       |       |       |     1 |       ||     1
Armor: Animal skin       |     4 |       |       |       |       |       ||     4
       Chain mail        |    18 |    37 |   124 |   245 |   124 |       ||   548
       Plate armour      |       |       |       |       |   486 |   346 ||   832
Dodge: Dodged            |    26 |    22 |    72 |   215 |   384 |   283 ||  1002

Table legend: (Time is in decaauts)
 A = Elapsed time spent in this place.
 B = Non-inter-level travel time spent in this place.
 C = Inter-level travel time spent in this place.
 D = Time resting spent in this place.
 E = Time spent auto-exploring this place.
 F = Levels seen in this place.
 G = Mean time per level.
                   A        B        C        D        E       F      G
               +--------+--------+--------+--------+--------+-----+--------+
         Total |  28822 |  27532 |   1290 |   3313 |  19310 |  28 | 1029.4 |
       Dungeon |  15307 |  14647 |    660 |   1469 |  10835 |  15 | 1020.5 |
          Lair |   7633 |   7231 |    402 |   1086 |   5094 |   6 | 1272.2 |
   Spider Nest |   2823 |   2689 |    134 |    357 |   1774 |   3 |  941.0 |
  Orcish Mines |   1529 |   1435 |     94 |    290 |    868 |   2 |  764.5 |
         Abyss |    220 |    220 |      0 |    101 |     16 |   1 |  220.0 |
      Ice Cave |   1309 |   1309 |      0 |      9 |    722 |   1 | 1309.0 |
               +--------+--------+--------+--------+--------+-----+--------+

Top non-repeatable levels by time:
  Lair:6: 1924 daAuts
Spider:1: 1795 daAuts
     D:9: 1541 daAuts
  Lair:2: 1538 daAuts
    D:11: 1491 daAuts
   IceCv: 1309 daAuts
     D:3: 1222 daAuts
  Lair:5: 1199 daAuts
     D:1: 1143 daAuts
     D:6: 1143 daAuts
     D:8: 1050 daAuts
  Lair:3: 1037 daAuts
    D:15: 1023 daAuts
    D:10: 993 daAuts
  Lair:1: 992 daAuts
